 Seeded DCSS version 0.30.0-29-ga12c61a403 (webtiles) character file.

Game seed: 12761088383327235403 (custom seed)

345 RascalDebosk the Magician (level 6, -2/43 HPs)
             Began as a Djinni Conjurer on June 4, 2023.
             Slain by Duvessa
             ... wielding a +0 short sword
              (10 damage)
             ... on level 4 of the Dungeon.
             The game lasted 00:17:04 (2664 turns).

RascalDebosk the Magician (Djinni Conjurer)         Turns: 2664, Time: 00:17:04

Health: -2/43      AC:  8    Str:  6    XL:     6   Next: 89%
Gold:   74         EV: 12    Int: 22    God:
                   SH:  0    Dex: 11

rFire   + + .        b - +0 short sword (flame)
rCold   x . .        (no shield)
rNeg    . . .        p - +2 robe {Will+}
rPois   ∞            g - +2 helmet
rElec   .            q - +0 cloak
rCorr   .            (no gloves)
SInv    .            (boots unavailable)
Will    +....        (no amulet)
Stlth   ++           (no ring)
HPRegen 0.27/turn    (no ring)
MPRegen 0.00/turn

%: infuse magic (-3 HP)
@: flying, very slightly contaminated, slowed, studying Short Blades, very slow
A: sickness immunity, fire resistance 2, cold vulnerability 1, float, innate
caster, HP casting, extra vitality 1
a: no special abilities


You were on level 4 of the Dungeon.
You visited 1 branch of the dungeon, and saw 4 of its levels.

You collected 74 gold pieces.

Inventory:

Hand Weapons
 b - a +0 short sword of flaming (weapon)
Armour
 g - a +2 helmet (worn)
 p - a +2 robe of willpower (worn)
 q - a +0 cloak (worn)
Wands
 i - a wand of polymorph (10)
Scrolls
 c - 4 scrolls of identify {unknown}
 f - a scroll of immolation
 k - a scroll of silence {unknown}
 m - a scroll of torment {unknown}
 o - a scroll of poison {unknown}
Potions
 a - a potion of attraction {unknown}
 d - a potion of brilliance {unknown}
 e - a potion of mutation {unknown}
 h - a potion of degeneration {unknown}
 j - a potion of lignification {unknown}
 l - a potion of haste {unknown}
 n - a potion of flight {unknown}


   Skills:
 + Level 2.1 Fighting
 + Level 2.8 Short Blades
 - Level 0.3 Armour
 - Level 2.1 Dodging
 - Level 1.5 Stealth
 * Level 5.3 Spellcasting


You knew the following spells:

 Your Spells              Type           Power      Damage    Failure   Level
a - Magic Dart            Conj           100%       1d8       1%          1
b - Searing Ray           Conj           58%        2d6       1%          2
c - Dazzling Flash        Conj/Hex       58%        N/A       3%          3
d - Fulminant Prism       Conj/Hex       14%        3d9       11%         4
e - Iskenderun's Mystic   Conj/Tloc      29%        2d7       11%         4
f - Slow                  Hex            100%       N/A       1%          1
g - Passwall              Tmut/Erth      24%        N/A       1%          2
Your spell library was empty.

Dungeon Overview and Level Annotations

Branches:
Dungeon (4/15)
 Temple: D:4-7

Altars:
Xom

Shops:
D:2 [

Annotations:
D:4 Duvessa


Innate Abilities, Weirdness & Mutations

You are immune to sickness and miasma.
You are immune to poison.
Your flesh is very heat resistant. (rF++)
You are vulnerable to cold. (rC-)
You float through the air rather than walking.
You learn spells naturally, not from books.
Your magical power is your life essence.
You have superior vitality. (+4 MHP)


Message History

Aim: a jelly (heavily wounded, 100% to hit)
The magic dart hits the jelly.
The jelly is almost dead.
The jelly barely misses you.
Casting: Magic Dart (safe; 1% risk of failure)
Confirm with . or Enter, or press ? or * to list all spells.
Aiming: Magic Dart (safe; 1% risk of failure)
Press: ? - help, Shift-Dir - straight line, f/p - jelly
Aim: a jelly (almost dead, 100% to hit)
The magic dart hits the jelly!
You kill the jelly!
Your Fighting skill increases to level 2!
Duvessa and Dowan come into view.
Duvessa shouts!
Casting: Magic Dart (safe; 1% risk of failure)
Confirm with . or Enter, or press ? or * to list all spells.
The spell is quite dangerous to miscast (12% risk of failure)!
Continue anyway?
You erupt in a blast of force!
The mystic blast hits Duvessa.
Duvessa is lightly wounded.
Duvessa is knocked back by the mystic blast.
Dowan shouts!
Casting: Iskenderun's Mystic Blast (quite dangerous; 12% risk of failure)
Confirm with . or Enter, or press ? or * to list all spells.
The spell is quite dangerous to miscast (12% risk of failure)!
Continue anyway?
You erupt in a blast of force!
The mystic blast hits Dowan!
Dowan is heavily wounded.
Dowan is knocked back by the mystic blast.
Dowan collides with Duvessa!
Dowan is heavily wounded.
Casting: Iskenderun's Mystic Blast (quite dangerous; 12% risk of failure)
Confirm with . or Enter, or press ? or * to list all spells.
Casting: Dazzling Flash (dangerous; 3% risk of failure)
Press: ? - help, Dir - look around, f - activate Duvessa is dazzled.
Dowan points at you and mumbles some strange words.
The puff of flame misses you.
Casting: Dazzling Flash (dangerous; 3% risk of failure)
Confirm with . or Enter, or press ? or * to list all spells.
The spell is quite dangerous to miscast (12% risk of failure)!
Continue anyway?
You erupt in a blast of force!
The mystic blast hits Dowan but does no damage.
Dowan is heavily wounded.
The mystic blast hits Duvessa!
Duvessa is heavily wounded.
Duvessa is knocked back by the mystic blast.
Duvessa slams into the rock wall!
Casting: Iskenderun's Mystic Blast (quite dangerous; 12% risk of failure)
Confirm with . or Enter, or press ? or * to list all spells.
The spell is quite dangerous to miscast (12% risk of failure)!
Continue anyway?
You erupt in a blast of force!
The mystic blast hits Dowan!
Dowan is almost dead.
Dowan is knocked back by the mystic blast.
Dowan collides with Duvessa!
Duvessa is heavily wounded.
Dowan is almost dead.
Casting: Iskenderun's Mystic Blast (quite dangerous; 12% risk of failure)
Confirm with . or Enter, or press ? or * to list all spells.
The spell is quite dangerous to miscast (12% risk of failure)!
Continue anyway?
Aiming: Fulminant Prism (quite dangerous; 12% risk of failure)
Press: ? - help, Dir - move target You miscast Fulminant Prism.
You are very lightly contaminated with residual magic.
You feel a bit tired.
You feel yourself slow down.
Casting: Fulminant Prism (quite dangerous; 12% risk of failure)
Confirm with . or Enter, or press ? or * to list all spells.
The spell is quite dangerous to miscast (12% risk of failure)!
Continue anyway?
You erupt in a blast of force!
The mystic blast hits Duvessa.
Duvessa is severely wounded.
Duvessa is knocked back by the mystic blast.
The mystic blast hits Dowan.
You kill Dowan!
Duvessa screams in rage.
* * * LOW HITPOINT WARNING * * *
Casting: Iskenderun's Mystic Blast (quite dangerous; 11% risk of failure)
Confirm with . or Enter, or press ? or * to list all spells.
The spell is quite dangerous to miscast (11% risk of failure)!
Continue anyway?
You erupt in a blast of force!
The mystic blast hits Duvessa.
Duvessa is almost dead.
Duvessa is knocked back by the mystic blast.
* * * LOW HITPOINT WARNING * * *
Duvessa is no longer blind.
Casting: Iskenderun's Mystic Blast (quite dangerous; 11% risk of failure)
Confirm with . or Enter, or press ? or * to list all spells.
The spell is quite dangerous to miscast (11% risk of failure)!
Continue anyway?
Aiming: Fulminant Prism (quite dangerous; 11% risk of failure)
Press: ? - help, Dir - move target You conjure a prism of explosive energy!
* * * LOW HITPOINT WARNING * * *
A fulminant prism comes into view.
Duvessa goes berserk!
Casting: Fulminant Prism (quite dangerous; 11% risk of failure)
Confirm with . or Enter, or press ? or * to list all spells.
The spell is quite dangerous to miscast (11% risk of failure)!
Continue anyway?
You erupt in a blast of force!
The mystic blast hits Duvessa but does no damage.
Duvessa is almost dead.
* * * LOW HITPOINT WARNING * * *
Duvessa hits you but does no damage. Duvessa hits you with a +0 short sword!
You die...

...............#.....
...............#..<..
.###..###...####.##..
##+####..###...## #.
## #...............#
..
+...............#...
#...............#..
#######.####.####.
##..##@######
#..*.e......#
#...........+
+...........#
###+#########


You could see Duvessa (berserk, ally target) and a friendly fulminant prism.

Vanquished Creatures
  Sigmund (D:3)
  Dowan (D:4)
  A jelly (D:4)
  Robin (D:2)
  3 adders (D:2)
  3 worms
  A dart slug (D:1)
  4 endoplasms
  2 giant cockroaches (D:2)
  11 goblins
  4 hobgoblins (D:2)
  2 jackals (D:2)
  6 kobolds
  2 quokkas (D:3)
  4 ball pythons
  4 bats
  3 frilled lizards
  4 rats
57 creatures vanquished.

Vanquished Creatures (others)
  2 fulminant prisms (D:3)
2 creatures vanquished.

Grand Total: 59 creatures vanquished

Notes
Turn   | Place    | Note
-------+----------+-------------------------------------------
     0 | D:1      | RascalDebosk the Djinni Conjurer began the quest for the
                  | Orb.
     0 | D:1      | RascalDebosk set off with the following spells memorised:
                  | Magic Dart, Searing Ray, Dazzling Flash, Fulminant Prism,
                  | Iskenderun's Mystic Blast.
     0 | D:1      | Reached XP level 1. HP: 15/15 MP: 0/0
   476 | D:1      | Reached XP level 2. HP: 20/21 MP: 0/0
   785 | D:2      | Noticed Robin
   793 | D:2      | Killed Robin
   794 | D:2      | Reached skill level 4 in Spellcasting
   794 | D:2      | Reached XP level 3. HP: 10/25 MP: 0/0
   794 | D:2      | Learned a level 1 spell: Slow
  1215 | D:2      | Reached XP level 4. HP: 28/31 MP: 0/0
  1349 | D:2      | Found Bivvutos's Antique Armour Boutique.
  1883 | D:3      | Identified a scroll of acquirement
  1883 | D:3      | Acquired a manual of Short Blades
  2068 | D:3      | Reached XP level 5. HP: 35/36 MP: 0/0
  2068 | D:3      | Learned a level 2 spell: Passwall
  2069 | D:3      | Noticed Sigmund
  2075 | D:3      | Killed Sigmund
  2076 | D:3      | Reached skill level 1 in Fighting
  2076 | D:3      | Reached skill level 5 in Spellcasting
  2076 | D:3      | Reached XP level 6. HP: 35/43 MP: 0/0
  2418 | D:3      | Found a shimmering altar of Xom.
  2653 | D:4      | Noticed Duvessa
  2653 | D:4      | Noticed Dowan
  2661 | D:4      | Killed Dowan
  2664 | D:4      | Slain by Duvessa

Illustrated notes

Levels and vault maps discovered:
D:1:      kennysheep_arrival_forest, layout_loops_ring, wad_floor_pattern_1
D:2:      layout_basic, serial_shops, nicolae_shop_behind_doors, serial_bayou,
          serial_bayou_shore_a, serial_bayou_lake_a, serial_bayou_crossing,
          serial_bayou_pond_e, uniq_robin
D:3:      layout_loops_ring, gammafunk_temple_overflow_statue, uniq_sigmund
D:4:      layout_gridville, cheibrodos_gnoll_hut, uniq_duvessa, uniq_grinder

Skill      XL: |  1  2  3  4  5  6 |
---------------+-------------------+-----
Spellcasting   | 4 5 |  5.3
Fighting       | 1 2 |  2.1
Short Blades   | 2 |  2.8
Armour         | |  0.3
Dodging        | |  2.1
Stealth        | |  1.5

Action                     |  1- 3 |  4- 6 || total
---------------------------+-------+-------++-------
   Cast: Magic Dart        |    58 |    47 ||   105
         Searing Ray       |     1 |     2 ||     3
         Slow              |       |     3 ||     3
         Fulminant Prism   |       |     3 ||     3
         Iskenderun's Myst |       |    10 ||    10
         Dazzling Flash    |       |     1 ||     1
    Use: Scroll            |       |     6 ||     6
 Armour: Robe              |       |     3 ||     3
  Dodge: Dodged            |     2 |     6 ||     8
